 Dungeon Crawl Stone Soup version 0.22-a0-567-gff9aefc (webtiles) character file.

394 Gildeon the Chopper (level 6, -4/84 HPs)
             Began as a Minotaur Fighter on June 29, 2018.
             Was an Initiate of Okawaru.
             Slain by a sky beast (5 damage)
             ... on level 5 of the Dungeon.
             The game lasted 00:09:40 (3155 turns).

Gildeon the Chopper (Minotaur Fighter)              Turns: 3155, Time: 00:09:41

Health: -4/84      AC: 23    Str: 22    XL:     6   Next: 52%
Magic:  5/5        EV:  2    Int:  5    God:    Okawaru [......]
Gold:   85         SH:  0    Dex: 10    Spells: 5/5 levels left

rFire    . . .     SeeInvis .   a - +0 war axe
rCold    . . .     Gourm    +   (no shield)
rNeg     + + +     Faith    .   (armour currently unavailable)
rPois    +         Spirit   .   (helmet currently unavailable)
rElec    .         Reflect  .   (cloak currently unavailable)
rCorr    .         Harm     .   (gloves currently unavailable)
MR       .....     NoTele   +   (boots currently unavailable)
Stlth    +.........             c - amulet of the gourmand
HPRegen  0.24/turn              (no ring)
MPRegen  0.09/turn              (no ring)

@: tree-form
A: (retaliatory headbutt)
a: Renounce Religion


You were on level 5 of the Dungeon.
You worshipped Okawaru.
Okawaru was noncommittal.
You were not hungry.
You were a tree.
You visited 2 branches of the dungeon, and saw 6 of its levels.

You collected 85 gold pieces.

Inventory:

Hand Weapons
 a - a +0 war axe (weapon)
Armour
 b - a +1 scale mail (melded)
Jewellery
 c - an amulet of the gourmand (around neck)
Wands
 e - a wand of paralysis (7)
 p - a wand of digging (15)
Scrolls
 m - 4 scrolls of remove curse
 n - a scroll of enchant armour
 q - a scroll of teleportation
Potions
 d - 2 potions of might
 g - a potion of brilliance {unknown}
 h - a potion of mutation {unknown}
 i - a potion of magic {unknown}
 j - a potion of lignification
 k - 2 potions of curing {unknown}
 l - a potion of heal wounds {unknown}
 o - a potion of agility {unknown}
Comestibles
 f - 9 rations


   Skills:
 - Level 5.0 Fighting
 * Level 5.8 Axes
 - Level 5.0 Armour
 + Level 3.1 Dodging
   Level 3.6 Shields


You had 5 spell levels left.
You didn't know any spells.
Your spell library was empty.

Dungeon Overview and Level Annotations

Branches:
Dungeon (5/15)             Temple (1/1) D:4

Altars:
Ashenzari
Cheibriados
Dithmenos
Elyvilon
Fedhas
Gozag
Hepliaklqana
Kikubaaqudgha
Makhleb
Nemelex Xobeh
Okawaru
Ru
Sif Muna
Trog
Uskayaw
Vehumet
Wu Jian
Xom
Yredelemnul
The Shining One


Innate Abilities, Weirdness & Mutations

((You reflexively headbutt those who attack you in melee.))
((You have a pair of horns on your head.))


Message History

You completely miss something. Something hits you. Something shocks you.
You miss something. Something hits you. Something shocks you.
* * * LOW HITPOINT WARNING * * *
You miss something. Something hits you.
* * * LOW HITPOINT WARNING * * *
Something shocks you.
* * * LOW HITPOINT WARNING * * *
It was a potion of lignification.
You turn into a tree.
Your +1 scale mail melds into your body.
Your roots penetrate the ground.
Something hits you but does no damage.
You miss something. Something hits you.
* * * LOW HITPOINT WARNING * * *
Something shocks you.
* * * LOW HITPOINT WARNING * * *
Something hits you but does no damage.
You miss something. Something hits you but does no damage.
You barely miss something. Something hits you.
* * * LOW HITPOINT WARNING * * *
Something shocks you.
You die...

#############
.........[..# .
###########.########....
## #.#...♣{...... .#
#...######.... .#######
##### . ........
######## # ### ..# #..


There were no monsters in sight!

Vanquished Creatures
  A scorpion (D:4)
  A howler monkey (D:5)
  A crimson imp (D:5)
  2 hounds
  An orc wizard (D:5)
  2 worker ants (D:4)
  Robin (D:2)
  4 adders
  3 oozes (D:1)
  An adder zombie (D:3)
  A worm (D:2)
  A dart slug (D:1)
  2 leopard geckos
  4 orcs (D:5)
  3 giant cockroaches
  8 hobgoblins
  4 jackals
  3 kobolds
  A ball python (D:4)
  8 bats
  4 frilled lizards
  9 goblins
  8 rats
73 creatures vanquished.

Notes
Turn   | Place    | Note
-------+----------+-------------------------------------------
     0 | D:1      | Gildeon the Minotaur Fighter began the quest for the Orb.
     0 | D:1      | Reached XP level 1. HP: 19/19 MP: 0/0
   171 | D:1      | Reached XP level 2. HP: 23/27 MP: 1/1
   257 | D:1      | Reached skill level 1 in Dodging
   339 | D:1      | Reached XP level 3. HP: 21/33 MP: 2/2
   797 | D:2      | Found a hide-covered altar of Uskayaw.
   830 | D:2      | Noticed Robin
   841 | D:2      | Killed Robin
   841 | D:2      | Reached XP level 4. HP: 28/40 MP: 3/3
   955 | D:2      | Found a sacrificial altar of Ru.
  1545 | D:3      | Reached XP level 5. HP: 47/47 MP: 4/4
  2261 | D:4      | Found a snail-covered altar of Cheibriados.
  2322 | D:4      | Reached skill level 5 in Axes
  2333 | D:4      | Found a staircase to the Ecumenical Temple.
  2339 | Temple   | Entered the Ecumenical Temple
  2437 | Temple   | Became a worshipper of Warmaster Okawaru
  2581 | D:4      | Found a bloodstained altar of Trog.
  2602 | D:4      | Reached XP level 6. HP: 37/55 MP: 5/5
  2822 | D:4      | You fall through a shaft!
  2822 | D:5      | Entered Level 5 of the Dungeon
  2963 | D:5      | Paralysed by an orc for 4 turns
  2972 | D:5      | Reached skill level 5 in Fighting
  3017 | D:5      | Reached skill level 5 in Armour
  3134 | D:5      | Noticed a sky beast
  3153 | D:5      | HP: 2/84 [something (5)]
  3155 | D:5      | Slain by a sky beast

Vault maps used:
D:1:      scummos_arrival_gate, minmay_strange_pillars, minivault_23
D:2:      marbit_many_paths, nicolae_ru_sacrificial_ziggurat, uniq_robin
D:3:      supply_closet_lemuel
D:4:      lemuel_round_altar, lightli_temple_of_fire,
          minmay_temple_entry_statues_pillars
D:5:      first_ration, biasface_ghost_orc_armoury, sigmund_army, uniq_ijyb
Temple:   eino_temple_scatter_basement

Skill      XL: |  1  2  3  4  5  6 |
---------------+-------------------+-----
Axes           | 3 4 5 |  5.8
Dodging        | 1 2 3 |  3.1
Fighting       | 4 5 |  5.0
Armour         | 4 5 |  5.0
Shields        | |  3.6

Action                   |  1- 3 |  4- 6 || total
-------------------------+-------+-------++-------
Melee: War axe           |    72 |    89 ||   161
       Headbutt          |     9 |    15 ||    24
  Use: Scroll            |     3 |     5 ||     8
       Potion            |       |     1 ||     1
  Eat: Chunk             |       |    13 ||    13
Armor: Scale mail        |    40 |    49 ||    89
       Skin              |       |     3 ||     3
Dodge: Dodged            |    45 |    37 ||    82

Table legend:
 A = Spawn XP
 B = Non-spawn XP
 C = Spawn XP percentage of total XP
 D = Spawn monster count
 E = Non-spawn monster count
 F = Spawn count percentage of total count
 G = Total turns spent on level
                    A         B        C        D         E        F      G
               +---------+---------+-------+---------+---------+-------+---------
         Total |       0 |     564 |   0.0 |       0 |      73 |   0.0 |  3155
               +---------+---------+-------+---------+---------+-------+---------
           D:1 |       0 |      51 |   0.0 |       0 |      22 |   0.0 |   667
           D:2 |       0 |      61 |   0.0 |       0 |      18 |   0.0 |   645
           D:3 |       0 |     105 |   0.0 |       0 |      17 |   0.0 |   897
           D:4 |       0 |     186 |   0.0 |       0 |       7 |   0.0 |   556
           D:5 |       0 |     161 |   0.0 |       0 |       9 |   0.0 |   231
               +---------+---------+-------+---------+---------+-------+---------
